 Dungeon Crawl Stone Soup version 0.16-a0-2381-gbf6b861 (console) character file.

545 Kellhus the Conjurer (level 7, -1/46 HPs)
             Began as a Vampire Wizard on Nov 17, 2014.
             Slain by an orc
             ... wielding a +0 whip
              (4 damage)
             ... on level 4 of the Dungeon.
             The game lasted 00:07:04 (4724 turns).

Kellhus the Conjurer (Vampire Wizard)               Turns: 4724, Time: 00:07:04

Health: -1/46      AC:  4    Str:  6    XL:     7   Next: 6%
Magic:  0/14       EV: 12    Int: 22    God:
Gold:   60         SH:  0    Dex: 12    Spells: 1 memorised, 11 levels left

rFire  . . .     SeeInvis +     h - -3 whip (curse)
rCold  . . .     Clarity  .     a - +0 robe
rNeg   . . .     SustAb   .     (no shield)
rPois  .         Gourm    .     q - +0 helmet
rElec  .         Spirit   .     (no cloak)
rCorr  .         Warding  .     (no gloves)
rMut   .         Stasis   .     k - +0 pair of boots (curse)
MR     .....                    (no amulet)
Stlth  +++.......               (no ring)
                                e - ring of stealth

@: regenerating quickly, not resistant to hostile enchantments, fairly stealthy
A: bottle blood, fangs 3, see invisible, unbreathing
a: no special abilities


You were on level 4 of the Dungeon.
You were full.

You visited 1 branch of the dungeon, and saw 4 of its levels.

You collected 60 gold pieces.

Inventory:

Hand weapons
 h - a cursed -3 whip (weapon)
 p - a +4 dagger
 s - a +2 great mace of protection
Armour
 a - a +0 robe (worn)
 b - a +0 hat
 k - a cursed +0 pair of boots (worn)
 q - a +0 helmet (worn)
Jewellery
 e - a ring of stealth (left hand)
Scrolls
 d - a scroll of recharging
 i - a scroll of remove curse {unknown}
 j - a scroll of fear {unknown}
 l - a scroll of identify
 n - 3 scrolls of teleportation
 r - 3 scrolls of amnesia {unknown}
Potions
 f - a potion of lignification
 g - a potion of brilliance
 m - a potion of cancellation
 o - a potion of curing
Books
 c - a book of Minor Magic

   Spells                             Type                      Level
   *Magic Dart                        Conjuration                  1
   Blink                              Translocation                2
   Call Imp                           Summoning                    2
   Repel Missiles                     Charms/Air                   2
   Slow                               Hexes                        2
   Conjure Flame                      Conjuration/Fire             3
   Mephitic Cloud                     Conjuration/Poison/Air       3


   Skills:
 - Level 2.1 Dodging
 - Level 3.0 Stealth
 - Level 3.0 Spellcasting
 + Level 5.7 Conjurations
   Level 1.0 Summonings
   Level 0.7 Translocations


You had 11 spell levels left.
You knew the following spells:

 Your Spells              Type           Power        Failure   Level  Hunger
a - Magic Dart            Conj           ####         1%          1    None


Dungeon Overview and Level Annotations

Branches:
Dungeon (4/15)
 Temple: D:4-7

Altars:
Yredelemnul


Innate Abilities, Weirdness & Mutations

Your natural rate of healing is unusually fast.
You can bottle blood from corpses.
You have razor-sharp teeth.
You have supernaturally acute eyesight.
You can survive without breathing.


Message History

Aiming: Magic Dart
Press: ? - help, Shift-Dir - straight line, f/p - orc wizard
Aim: an orc wizard, wielding a dagger and wearing a robe(moderately wounded, fast, slightly transparent)
The magic dart hits the orc wizard.
The orc wizard is moderately wounded.
The orc wizard points at you and mumbles some strange words.
The puff of frost hits you!
* * * LOW HITPOINT WARNING * * *
The orc barely misses you. The orc hits you but does no damage.
Casting: Magic Dart
Confirm with . or Enter, or press ? or * to list all spells.
Aiming: Magic Dart
Press: ? - help, Shift-Dir - straight line, f/p - orc wizard
Aim: an orc wizard, wielding a dagger and wearing a robe(moderately wounded, fast, slightly transparent)
The magic dart hits the orc wizard.
The orc wizard is almost dead.
The orc wizard hits you with a dagger.
* * * LOW HITPOINT WARNING * * *
The orc closely misses you. The orc hits you with a whip.
You die...

..# .....# ......# .
+....... ...
#...(..#######....
#......#..........
#......#..........
###......#..o))......
.............@o.......
.########....oo....... ..#
#...#####.... #.# #...#
#######
#.#######.#######.......
+..............##........
#.#######.####.##........#
+.......#.####..+........#.
#..####.#.##...##..........


You could see an orc wizard (invisible) and 3 orcs.

Vanquished Creatures
  A hungry ghost (D:3)
  The ghost of smajdalf the Digger, an average DgEE (D:3)
  An orc priest (D:4)
  A gnoll shaman (D:3)
  An orc wizard (D:3)
  A worker ant (D:3)
  5 gnolls
  5 adders
  A giant mite (D:3)
  4 worms
  4 giant geckos
  2 oozes
  10 orcs
  A ball python (D:2)
  2 giant cockroaches
  8 goblins
  8 hobgoblins
  2 jackals (D:4)
  4 kobolds
  13 bats
  5 giant newts
  9 rats
89 creatures vanquished.

Notes
Turn   | Place    | Note
--------------------------------------------------------------
     0 | D:1      | Kellhus, the Vampire Wizard, began the quest for the Orb.
     0 | D:1      | Reached XP level 1. HP: 13/13 MP: 4/4
    99 | D:1      | Reached skill level 1 in Conjurations
   377 | D:1      | Reached XP level 2. HP: 19/19 MP: 4/6
  1026 | D:1      | Found a basalt altar of Yredelemnul.
  1267 | D:2      | Reached XP level 3. HP: 24/24 MP: 1/7
  1896 | D:2      | Reached XP level 4. HP: 30/30 MP: 2/9
  3035 | D:3      | Reached XP level 5. HP: 35/35 MP: 8/11
  3378 | D:3      | Noticed a hungry ghost
  3395 | D:3      | Killed a hungry ghost
  3395 | D:3      | Reached skill level 4 in Conjurations
  3395 | D:3      | Reached XP level 6. HP: 32/41 MP: 1/12
  3808 | D:3      | Reached skill level 5 in Conjurations
  4034 | D:3      | Noticed smajdalf's ghost (average DgEE)
  4047 | D:3      | Killed smajdalf's ghost
  4720 | D:4      | Reached XP level 7. HP: 30/46 MP: 4/14
  4724 | D:4      | Slain by an orc

Action                   |  1- 3 |  4- 6 |  7- 9 || total
-------------------------+-------+-------+-------++-------
Melee: Whip              |     5 |     2 |       ||     7
 Cast: Magic Dart        |   113 |   194 |     5 ||   312
  Use: Scroll            |     1 |     7 |       ||     8
  Eat: Corpse            |    12 |    10 |       ||    22
